 Dungeon Crawl Stone Soup version 0.25.1-2-g60ff931df9 (webtiles) character file.

Game seed: 3098513598845924529

1769 selver the Tainter (level 9, 0/51 HPs)
             Began as an Octopode Venom Mage on Oct 27, 2020.
             Was an Initiate of Vehumet.
             Slain by an ice beast (5 damage)
             ... on level 6 of the Dungeon.
             The game lasted 00:31:48 (7157 turns).

selver the Tainter (Octopode Venom Mage)            Turns: 7157, Time: 00:31:49

Health: 0/51       AC:  1    Str:  8    XL:     9   Next: 7%
Magic:  14/16      EV: 13    Int: 19    God:    Vehumet [......]
Gold:   389        SH:  0    Dex: 13    Spells: 1/17 levels left

rFire    . . .     SeeInvis .   m - +0 dagger (venom)
rCold    . . .     Gourm    .   (no shield)
rNeg     . . .     Faith    .   (helmet restricted)
rPois    .         Spirit   .   k - amulet of magic regeneration
rElec    .         Reflect  .   (no ring)
rCorr    .         Harm     .   (no ring)
MR       .....                  (no ring)
Stlth    ++++......             (no ring)
HPRegen  0.17/turn              (no ring)
MPRegen  0.40/turn              (no ring)
                                (no ring)
                                (no ring)

@: swift, very quick
A: almost no armour, stealthy swim, amphibious, 8 rings, constrict 8, camouflage
1, gelatinous body 1
a: Renounce Religion


You were on level 6 of the Dungeon.
You worshipped Vehumet.
Vehumet was noncommittal.
You were not hungry.

You visited 2 branches of the dungeon, and saw 8 of its levels.

You collected 389 gold pieces.

Inventory:

Hand Weapons
 m - a +0 dagger of venom (weapon)
 r - a +0 whip of electrocution
Jewellery
 k - an amulet of magic regeneration (around mantle)
 l - an uncursed amulet of regeneration
Wands
 v - a wand of random effects (20)
Scrolls
 a - a scroll of noise {unknown}
 c - 3 scrolls of amnesia
 e - a scroll of identify
 f - 2 scrolls of blinking {unknown}
 g - 2 scrolls of magic mapping {unknown}
 h - 2 scrolls of teleportation {unknown}
 i - a scroll of enchant armour {unknown}
 j - 5 scrolls of remove curse {unknown}
 n - a scroll of random uselessness {unknown}
 p - 2 scrolls of enchant weapon {unknown}
Potions
 d - a potion of haste {unknown}
 q - a potion of brilliance
 s - 2 potions of cancellation {unknown}
 t - 2 potions of lignification {unknown}
 w - a potion of degeneration {unknown}
Comestibles
 b - 7 rations


   Skills:
 - Level 2.0 Dodging
 - Level 5.2 Stealth
 + Level 4.8 Spellcasting
 + Level 2.9 Conjurations
 - Level 1.0 Transmutations
 * Level 4.7 Air Magic
 - Level 10.0 Poison Magic


You had one spell level left.
You knew the following spells:

 Your Spells              Type           Power        Failure   Level  Hunger
a - Sting                 Tmut/Pois      ####         1%          1    None
b - Poisonous Vapours     Pois/Air       ####..       1%          2    #......
c - Olgreb's Toxic Radia  Pois           #####...     1%          4    ####...
d - Mephitic Cloud        Conj/Pois/Air  ####....     3%          3    ##.....
e - Swiftness             Chrm/Air       ##......     8%          2    #......
f - Ignite Poison         Fire/Tmut/Pois ###.....     9%          3    ##.....
g - Shock                 Conj/Air       ###.         2%          1    None

Your spell library contained the following spells:

 Spells                   Type           Power        Failure   Level  Hunger
 Static Discharge         Conj/Air       ###.....     8%          3    ##.....
 Airstrike                Air            ###.......   19%         4    ####...
 Lightning Bolt           Conj/Air       ###.......   58%         5    ######.


Dungeon Overview and Level Annotations

Branches:
Dungeon (7/15)             Temple (1/1) D:6

Altars:
Ashenzari
Cheibriados
Dithmenos
Elyvilon
Fedhas
Gozag
Hepliaklqana
Kikubaaqudgha
Makhleb
Nemelex Xobeh
Okawaru
Qazlal
Ru
Sif Muna
Trog
Uskayaw
Vehumet
Xom
Yredelemnul
Zin
The Shining One

Annotations:
D:3 Grinder


Innate Abilities, Weirdness & Mutations

You cannot wear most types of armour.
You are very stealthy in the water. (Stealth+)
You are amphibious.
You can wear up to eight rings at the same time.
You can use your tentacles to constrict eight enemies at once.
Your skin changes colour to match your surroundings (Stealth+).
Your rubbery body absorbs attacks. (AC +1, EV +1)


Message History

The ice beast misses you.
The ice beast hits you but does no damage.
You start to feel a little faster.
The ice beast hits you. The ice beast freezes you.
* * * LOW HITPOINT WARNING * * *
You feel better. The ice beast hits you.
* * * LOW HITPOINT WARNING * * *
The ice beast freezes you!
* * * LOW HITPOINT WARNING * * *
You no longer feel sluggish.
The ice beast misses you. The ice beast barely misses you.
The ice beast closely misses you.
There is an open door here.
Casting: Swiftness (safe; 8% risk of failure)
Confirm with . or Enter, or press ? or * to list all spells.
You feel quick. The ice beast hits you.
* * * LOW HITPOINT WARNING * * *
The ice beast freezes you.
You die...

#.....#....# #........#########
#######.#....# #.............#
......#.#....# #.........###.###
#...#.#.#....# ###.###'#.# #.#.#
#.#.#.#.#....# #..##.#.# #.#.#
#.#..........# ###'####.# #.#.#
#.#.#.#.#.#..####.....##.# #.#.#
#.#.#.#.#.#.....#.⌠.⌠.#..# #.#.#
..........#.###Y@..>..'.####.#.##
..#.#.#.###.# ###.⌠.⌠.#..........
..#.#.#.# #.# #.....#######....
..#.#.#.# #.# ###'### #....
..#.#.#.###.# #...# #####
..#.#.#...#.# ##### ......###.#.#
###### <...### #.#.# #..... #####
#.#.###### #.####


You could see an ice beast.

Vanquished Creatures
  Pikel (D:4)
  Eustachio (D:4)
  Edmund (D:4)
  Duvessa (D:5)
  A sky beast (D:5)
  A phantom (D:5)
  2 ogres (D:4)
  A centaur (D:3)
  A bullfrog (D:6)
  Blork the orc (D:5)
  Dowan (D:5)
  A jelly (D:5)
  An orc priest (D:3)
  A bullfrog skeleton (D:6)
  4 worker ants
  A hound skeleton (D:5)
  A worker ant zombie (D:6)
  7 adders
  4 shadow imps
  An adder skeleton (D:7)
  A worm (D:2)
  2 dart slugs
  9 leopard geckos
  8 orcs
  7 bats
  6 giant cockroaches
  5 goblins
  11 hobgoblins
  14 jackals
  3 quokkas
  3 frilled lizards
  3 kobolds
  A leopard gecko skeleton (D:6)
  13 rats
119 creatures vanquished.

Vanquished Creatures (others)
  4 slaves (D:4)
  An ogre (D:4)
5 creatures vanquished.

Grand Total: 124 creatures vanquished

Notes
Turn   | Place    | Note
-------+----------+-------------------------------------------
     0 | D:1      | selver the Octopode Venom Mage began the quest for the Orb.
     0 | D:1      | Reached XP level 1. HP: 11/11 MP: 3/3
    77 | D:1      | Reached skill level 4 in Poison Magic
   266 | D:1      | Reached XP level 2. HP: 9/17 MP: 1/5
   676 | D:1      | Learned a level 2 spell: Poisonous Vapours
   692 | D:1      | Reached XP level 3. HP: 21/21 MP: 6/6
  1451 | D:2      | Reached skill level 5 in Poison Magic
  1789 | D:2      | Reached XP level 4. HP: 27/27 MP: 0/7
  2466 | D:3      | Noticed a centaur
  2484 | D:3      | Killed a centaur
  2484 | D:3      | Reached skill level 6 in Poison Magic
  2484 | D:3      | Reached XP level 5. HP: 28/31 MP: 1/8
  2486 | D:3      | Reached skill level 5 in Stealth
  2726 | D:3      | Noticed Grinder
  3357 | D:3      | Reached XP level 6. HP: 36/36 MP: 9/9
  3810 | D:4      | Reached skill level 7 in Poison Magic
  3852 | D:4      | Noticed a slave
  3859 | D:4      | Noticed Pikel
  3870 | D:4      | Noticed a slave
  3872 | D:4      | Noticed a slave
  3876 | D:4      | Noticed a slave
  3924 | D:4      | Killed Pikel
  3924 | D:4      | Reached skill level 8 in Poison Magic
  3924 | D:4      | Reached XP level 7. HP: 14/41 MP: 8/12
  3933 | D:4      | Noticed Edmund
  4168 | D:4      | Learned a level 4 spell: Olgreb's Toxic Radiance
  4373 | D:4      | Noticed Eustachio
  4397 | D:4      | Killed Eustachio
  4397 | D:4      | Reached skill level 9 in Poison Magic
  4397 | D:4      | Reached XP level 8. HP: 43/46 MP: 9/13
  4481 | D:4      | Found an iron altar of Okawaru.
  4481 | D:4      | Found a snail-covered altar of Cheibriados.
  4533 | D:4      | Killed Edmund
  4670 | D:4      | Learned a level 3 spell: Mephitic Cloud
  4673 | D:4      | Learned a level 2 spell: Swiftness
  4695 | D:5      | Entered Level 5 of the Dungeon
  4695 | D:5      | Noticed Blork the orc
  4752 | D:5      | Reached skill level 1 in Conjurations
  4831 | D:5      | Noticed Duvessa
  4831 | D:5      | Noticed Dowan
  4857 | D:5      | Killed Duvessa
  4981 | D:5      | Killed Dowan
  5230 | D:5      | Found a sacrificial altar of Ru.
  5366 | D:5      | Killed Blork the orc
  5366 | D:5      | Reached skill level 10 in Poison Magic
  5512 | D:5      | Found a white marble altar of Elyvilon.
  6273 | D:6      | Found a staircase to the Ecumenical Temple.
  6281 | Temple   | Entered the Ecumenical Temple
  6307 | Temple   | Became a worshipper of Vehumet
  6471 | D:6      | Learned a level 3 spell: Ignite Poison
  6498 | D:6      | Learned a level 1 spell: Shock
  6558 | D:6      | Found a shattered altar of Ashenzari.
  6577 | D:6      | Reached XP level 9. HP: 39/51 MP: 13/16
  7157 | D:6      | Slain by an ice beast

Illustrated notes

Levels and vault maps discovered:
D:1:      minmay_arrival_checkered_box, layout_loops_ring
D:2:      layout_basic
D:3:      layout_basic, uniq_grinder
D:4:      layout_loops_ring, gammafunk_temple_overflow_elements, first_ration,
          minmay_misc_feat_nine_boxes, uniq_eustachio, uniq_pikel, uniq_edmund
D:5:      layout_basic, nicolae_overflow_crystal_walls,
          nicolae_ru_path_of_blood, minivault_4, uniq_blork_the_orc,
          uniq_duvessa
D:6:      cheibrodos_quashed, layout_basic, ashenzari_conservatory_becter,
          minmay_temple_entry_hall, minmay_shop_mass, minmay_shop_mayhem,
          lemuel_blue_sif_altar
D:7:      layout_basic, lemuel_crystal_altar, hangedman_decor_riveting
Temple:   nicolae_temple_elliptical

Skill      XL: |  1  2  3  4  5  6  7  8 |
---------------+-------------------------+-----
Stealth        | 3 4 5 |  5.2
Poison Magic   | 4 5 6 8 9 10 | 10.0
Spellcasting   | 3 4 |  4.8
Air Magic      | 2 3 4 |  4.7
Conjurations   | 2 |  2.9
Dodging        | |  2.0
Transmutations | |  1.0

Action                   |  1- 3 |  4- 6 |  7- 9 || total
-------------------------+-------+-------+-------++-------
Melee: Unarmed           |     6 |       |       ||     6
       Constrict         |    17 |    14 |    17 ||    48
       Dagger            |    47 |    59 |   100 ||   206
       Tentacles         |     8 |     8 |    20 ||    36
 Cast: Sting             |    27 |    19 |    20 ||    66
       Poisonous Vapours |     3 |    17 |    26 ||    46
       Shock             |       |       |    12 ||    12
       Mephitic Cloud    |       |       |     4 ||     4
       Swiftness         |       |       |     5 ||     5
       Olgreb's Toxic Ra |       |       |     1 ||     1
Evoke: Wand              |       |       |     4 ||     4
  Use: Scroll            |     4 |       |     2 ||     6
       Potion            |       |     3 |     4 ||     7
 Stab: Sleeping          |    13 |    10 |     7 ||    30
       Distracted        |       |       |     2 ||     2
       Paralysed         |       |       |     2 ||     2
       Confused          |       |       |     1 ||     1
  Eat: Chunk             |     3 |     8 |     5 ||    16
       Ration            |       |       |     2 ||     2
Armor: Skin              |    10 |     1 |     9 ||    20
Dodge: Dodged            |    47 |    57 |    64 ||   168
